 Dungeon Crawl Stone Soup version 0.22-a0-353-g2d6336e718 (webtiles) character file.

116 Manul the Sneak (level 5, -3/35 HPs)
             Began as an Octopode Assassin on Apr 15, 2018.
             Killed by divine providence
             ... invoked by an orc priest
              (14 damage)
             ... on level 3 of the Dungeon.
             The game lasted 00:02:58 (3353 turns).

Manul the Sneak (Octopode Assassin)                 Turns: 3353, Time: 00:02:58

Health: -3/35      AC:  1    Str: 15    XL:     5   Next: 1%
Magic:  5/5        EV: 18    Int: 18    God:
Gold:   114        SH:  7    Dex: 19    Spells: 4/4 levels left

rFire    . . .     SeeInvis .   g - +0 dagger (drain)
rCold    . . .     Gourm    .   p - +0 buckler
rNeg     . . .     Faith    .   (helmet restricted)
rPois    .         Spirit   .   m - +3 amulet of reflection
rElec    .         Reflect  +   o - +4 ring of intelligence
rCorr    .         Harm     .   (no ring)
MR       .....                  (no ring)
Stlth    ++++++....             (no ring)
HPRegen  0.11/turn              (no ring)
MPRegen  0.09/turn              (no ring)
                                (no ring)
                                (no ring)

@: mighty, agile
A: almost no armour, stealthy swim, amphibious, 8 rings, constrict 8, camouflage
1, gelatinous body 1
a: no special abilities


You were on level 3 of the Dungeon.
You were very hungry.

You visited 1 branch of the dungeon, and saw 3 of its levels.

You collected 114 gold pieces.

Inventory:

Hand Weapons
 a - a +2 dagger
 b - a +0 blowgun
 g - a +0 dagger of draining (weapon)
Missiles
 c - 21 poisoned needles
 d - 2 curare-tipped needles
Armour
 p - a +0 buckler (worn)
Jewellery
 j - an uncursed amulet of magic regeneration
 m - a +3 amulet of reflection (around mantle)
 o - a +4 ring of intelligence (left tentacle)
Scrolls
 h - 2 scrolls of identify
 i - a scroll of magic mapping
 k - 2 scrolls of remove curse
 l - a scroll of teleportation
 s - a scroll of amnesia {unknown}
 t - a scroll of enchant weapon {unknown}
Potions
 q - a potion of flight
Comestibles
 f - 6 rations


   Skills:
 + Level 2.4 Fighting
 + Level 2.6 Short Blades
 + Level 2.4 Throwing
 + Level 1.5 Dodging
 + Level 7.1 Stealth
 + Level 0.5 Shields


You had 4 spell levels left.
You didn't know any spells.

Dungeon Overview and Level Annotations

Branches:
Dungeon (3/15)

Altars:
Elyvilon
Fedhas
Kikubaaqudgha
Okawaru
Yredelemnul
Zin
The Shining One


Innate Abilities, Weirdness & Mutations

You cannot wear most types of armour.
You are very stealthy in the water. (Stealth+)
You are amphibious.
You can wear up to eight rings at the same time.
You can use your tentacles to constrict eight enemies at once.
Your skin changes colour to match your surroundings (Stealth+).
Your rubbery body absorbs attacks. (AC +1, EV +1)


Message History

The magic dart hits you!
You are too injured to fight recklessly!
You are too injured to fight recklessly!
You are too injured to fight recklessly!
You are too injured to fight recklessly!
You are too injured to fight recklessly!
You are too injured to fight recklessly!
You are too injured to fight recklessly!
You are too injured to fight recklessly!
You are too injured to fight recklessly!
You are too injured to fight recklessly!
You are too injured to fight recklessly!
You are too injured to fight recklessly!
You are too injured to fight recklessly!
Okay, then.
You feel very mighty all of a sudden. Something hits you but does no damage.
The orc priest mumbles some strange prayers to Beogh against you.
Beogh smites you!
You die...

#.# ########.# #
#.#......# .##.
#.#.######
...o.####### #.#.#
#.#.......######.#.#
#o.o..)..........#.#
....######o####.....#
. #o)@...#####
####.#.# #.#.######
#.#....(.# #.....##.#
#####.##.# #...##.#
#.####.# #......#


You could see an orc priest and an orc.

Vanquished Creatures
  An orc wizard (D:3)
  3 adders (D:2)
  A dart slug (D:2)
  2 leopard geckos
  4 orcs (D:3)
  2 giant cockroaches
  3 goblins
  10 hobgoblins
  7 jackals
  A ball python (D:2)
  5 bats
  3 frilled lizards (D:2)
  4 kobolds
  6 rats
52 creatures vanquished.

Notes
Turn   | Place    | Note
-------+----------+-------------------------------------------
     0 | D:1      | Manul the Octopode Assassin began the quest for the Orb.
     0 | D:1      | Reached XP level 1. HP: 14/14 MP: 1/1
   196 | D:1      | Reached XP level 2. HP: 19/19 MP: 2/2
   809 | D:2      | Reached skill level 6 in Stealth
   861 | D:1      | Reached XP level 3. HP: 4/24 MP: 3/3
  1681 | D:2      | Reached XP level 4. HP: 25/29 MP: 4/4
  1894 | D:2      | Found an iron altar of Okawaru.
  1895 | D:2      | Found a glowing silver altar of Zin.
  1904 | D:2      | Found a glowing golden altar of the Shining One.
  2185 | D:2      | Found a basalt altar of Yredelemnul.
  2185 | D:2      | Found an ancient bone altar of Kikubaaqudgha.
  2189 | D:2      | Found a white marble altar of Elyvilon.
  2190 | D:2      | Found a blossoming altar of Fedhas.
  2897 | D:3      | Reached skill level 7 in Stealth
  3348 | D:3      | Reached XP level 5. HP: 22/35 MP: 5/5
  3353 | D:3      | Killed from afar by an orc priest

Vault maps used:
D:1:      enne_arrival_octagon_isle
D:2:      minitemple, minmay_misc_feat_pillars, minmay_domino_2
D:3:      first_ration, hangedman_decor_clover_reticule, uniq_jessica

Skill      XL: |  1  2  3  4 |
---------------+-------------+-----
Stealth        | 6 7 |  7.1
Fighting       | |  2.4
Short Blades   | |  2.6
Throwing       | |  2.4
Dodging        | |  1.5
Shields        | |  0.5

Action                   |  1- 3 |  4- 6 || total
-------------------------+-------+-------++-------
Melee: Dagger            |    65 |    48 ||   113
       Constrict         |    20 |    10 ||    30
       Tentacles         |    13 |     4 ||    17
  Use: Scroll            |       |     6 ||     6
       Potion            |       |     3 ||     3
 Stab: Sleeping          |     8 |     5 ||    13
  Eat: Chunk             |     2 |     1 ||     3
       Ration            |       |     1 ||     1
Armor: Skin              |    10 |     6 ||    16
Dodge: Dodged            |    48 |    22 ||    70
Block: Other             |     4 |       ||     4
       Buckler           |     7 |    16 ||    23
       Reflection        |     1 |       ||     1

Table legend:
 A = Spawn XP
 B = Non-spawn XP
 C = Spawn XP percentage of total XP
 D = Spawn monster count
 E = Non-spawn monster count
 F = Spawn count percentage of total count
 G = Total turns spent on level
                    A         B        C        D         E        F      G
               +---------+---------+-------+---------+---------+-------+---------
         Total |       0 |     167 |   0.0 |       0 |      52 |   0.0 |  3353
               +---------+---------+-------+---------+---------+-------+---------
           D:1 |       0 |      17 |   0.0 |       0 |      10 |   0.0 |  1167
           D:2 |       0 |      86 |   0.0 |       0 |      29 |   0.0 |  1684
           D:3 |       0 |      64 |   0.0 |       0 |      13 |   0.0 |   502
               +---------+---------+-------+---------+---------+-------+---------
